 Dungeon Crawl Stone Soup version 0.21.1-1-g345015f (webtiles) character file.

21 tidbits the Charmwright (level 2, 0/23 HPs)
             Began as a Gnoll Skald on June 20, 2018.
             Slain by a worm (5 damage)
             ... on level 2 of the Dungeon.
             The game lasted 00:00:54 (67 turns).

tidbits the Charmwright (Gnoll Skald)                 Turns: 67, Time: 00:00:54

Health: 0/23       AC:  3    Str: 13    XL:     2   Next: 83%
Magic:  0/7        EV: 14    Int: 15    God:
Gold:   5          SH:  0    Dex: 14    Spells: 9/10 levels left

rFire    . . .     SeeInvis .   a - +0 hand axe
rCold    . . .     Gourm    .   (no shield)
rNeg     . . .     Faith    .   b - +0 leather armour
rPois    .         Spirit   .   (no helmet)
rElec    +         Reflect  .   (no cloak)
rCorr    .         Harm     .   (no gloves)
MR       .....                  (no boots)
Stlth    +.........             (no amulet)
HPRegen  0.07/turn              (no ring)
MPRegen  0.10/turn              (no ring)

@: infused
A: distributed training, fangs 1, frail 1, electricity resistance, strong nose
a: no special abilities


You were on level 2 of the Dungeon.
You were not hungry.

You visited 1 branch of the dungeon, and saw 2 of its levels.

You collected 5 gold pieces.

Inventory:

Hand Weapons
 a - a +0 hand axe (weapon)
Armour
 b - a +0 leather armour (worn)
Books
 c - a book of Battle

   Spells                             Type                      Level
   a - Infusion                       Charms                       1
   b - Shroud of Golubria             Charms/Translocation         2
   c - Song of Slaying                Charms                       2
   d - Spectral Weapon                Hexes/Charms                 3
   e - Regeneration                   Charms/Necromancy            3
Comestibles
 d - a ration


   Skills:
 + Level 4.5 Fighting
 + Level 0.5 Short Blades
 + Level 0.5 Long Blades
 + Level 4.5 Axes
 + Level 0.5 Maces & Flails
 + Level 0.5 Polearms
 + Level 0.5 Staves
 + Level 0.5 Slings
 + Level 0.5 Bows
 + Level 0.5 Crossbows
 + Level 0.5 Throwing
 + Level 2.5 Armour
 + Level 4.5 Dodging
 + Level 0.5 Stealth
 + Level 0.5 Shields
 + Level 0.5 Unarmed Combat
 + Level 4.9 Spellcasting
 + Level 0.3 Conjurations
 + Level 0.3 Hexes
 + Level 5.3 Charms
 + Level 0.3 Summonings
 + Level 0.3 Necromancy
 + Level 0.3 Translocations
 + Level 0.3 Transmutations
 + Level 0.3 Fire Magic
 + Level 0.3 Ice Magic
 + Level 0.3 Air Magic
 + Level 0.3 Earth Magic
 + Level 0.3 Poison Magic
 + Level 0.6 Invocations
 + Level 0.5 Evocations


You had 9 spell levels left.
You knew the following spells:

 Your Spells              Type           Power        Failure   Level  Hunger
i - Infusion              Chrm           ###.         2%          1    None


Dungeon Overview and Level Annotations

Branches:
Dungeon (2/15)

Altars:


Innate Abilities, Weirdness & Mutations

Your experience applies equally to all skills.
You have very sharp teeth.
Your uncanny sense of smell can sniff out nearby items.
You are frail. (-10% HP)
You are resistant to electric shocks. (rElec)


Message History

You closely miss the goblin. The hobgoblin closely misses you.
The goblin completely misses you.
A goblin comes into view.
Okay, then.
You hit the hobgoblin.
You kill the hobgoblin!
You miss the goblin. The goblin hits you.
Unknown command.
You hit the goblin but do no damage. You hit the goblin.
The goblin hits you with a club. The goblin barely misses you.
You hit the goblin.
You kill the goblin!
You have reached level 2!
You hit the goblin.
You kill the goblin!
Robin throws the goblin at you! The goblin barely misses you.
Unknown command.
You barely miss the goblin. The goblin hits you.
A worm comes into view.
It was a potion of mutation.
You feel extremely strange.
You feel frail.
You feel insulated.
Your magical infusion is running out.
Robin closely misses you. The goblin closely misses you.
You hit Robin but do no damage. You closely miss the goblin.
Robin barely misses you. The goblin hits you.
You completely miss Robin. You closely miss the goblin.
Robin hits you but does no damage. The goblin hits you.
You closely miss Robin. You barely miss the goblin.
Robin hits you but does no damage. The goblin hits you.
You hit Robin but do no damage. Your bite misses Robin.
You barely miss the goblin. Robin barely misses you. The goblin hits you.
* * * LOW HITPOINT WARNING * * *
You hit Robin but do no damage. Your bite misses Robin. You hit the goblin.
Robin misses you. The goblin misses you.
You hit Robin.
Robin is moderately wounded.
You hit the goblin but do no damage.
You are no longer magically infusing your attacks.
The goblin hits you.
* * * LOW HITPOINT WARNING * * *
Robin hits you with a club.
* * * LOW HITPOINT WARNING * * *
You hit Robin but do no damage.
Robin is moderately wounded.
You miss the goblin. The goblin barely misses you. Robin barely misses you.
You closely miss Robin.
Robin is moderately wounded.
You hit the goblin. The goblin hits you.
* * * LOW HITPOINT WARNING * * *
Robin misses you. The goblin barely misses you.
You hit Robin.
Robin is moderately wounded.
You completely miss the goblin. Robin closely misses you.
The goblin hits you but does no damage.
You barely miss Robin.
Robin is moderately wounded.
You hit the goblin.
The goblin no longer looks unusually strong.
Robin closely misses you. The goblin closely misses you.
You hit Robin.
Robin is heavily wounded.
You hit the goblin.
You kill the goblin!
Robin's horned helmet rattles.
Robin barely misses you.
You hit Robin but do no damage.
Robin is heavily wounded.
Robin closely misses you.
You barely miss Robin.
Robin is heavily wounded.
Robin hits you but does no damage.
You completely miss Robin. You bite Robin, but do no damage.
Robin is heavily wounded.
Robin hits you but does no damage.
You hit Robin.
Robin is severely wounded.
Robin misses you.
You hit Robin but do no damage.
Robin is severely wounded.
Robin barely misses you.
You hit Robin.
Robin is almost dead.
Robin says, "Bow before me, strongest of all the hobgoblins!"
Robin barely misses you.
You hit Robin.
Robin is almost dead.
Robin says, "Feeling lonely?"
Robin completely misses you.
You hit Robin.
You kill Robin!
Casting: Infusion
Confirm with . or Enter, or press ? or * to list all spells.
You begin infusing your attacks with magical energy.
You hit the worm.
The worm is moderately wounded.
You barely miss the worm.
The worm is moderately wounded.
The worm bites you.
You die...

. ##..........
.. #...#########
.##.###.##......
... #...#
###.###.##.#
#.(.## # ##.##
#.# #@# #w# #..
#..# ...# ##.#
.# .#


You could see a worm.

Vanquished Creatures
  Robin (D:2)
  6 goblins (D:2)
  A hobgoblin (D:2)
  2 rats (D:2)
10 creatures vanquished.

Notes
Turn   | Place    | Note
-------+----------+-------------------------------------------
     0 | D:1      | tidbits the Gnoll Skald began the quest for the Orb.
     0 | D:1      | Reached XP level 1. HP: 20/20 MP: 6/6
    38 | D:2      | Noticed Robin
    43 | D:2      | Reached XP level 2. HP: 24/26 MP: 0/7
    45 | D:2      | Gained mutation: You are frail. (-10% HP) [potion of mutation]
    45 | D:2      | Gained mutation: You are resistant to electric shocks. (rElec) [potion of mutation]
    64 | D:2      | Killed Robin
    67 | D:2      | Slain by a worm

Action                   || total
-------------------------++-------
Melee: Hand axe          ||    34
       Bite              ||     1
 Cast: Infusion          ||     3
  Use: Potion            ||     1
Armor: Leather armour    ||     4
Dodge: Dodged            ||    28

Table legend:
 A = Turns spent in this place as a percentage of turns spent in the entire game.
 B = Non-inter-level travel turns spent in this place as a percentage of non-inter-level travel turns spent in the entire game.
 C = Inter-level travel turns spent in this place as a percentage of turns spent in this place.
 D = Turns resting spent in this place as a percentage of non-inter-level travel turns spent in this place.
 E = Turns spent auto-exploring this place as a percentage of non-inter-level travel turns spent in this place.
 F = Non-inter-level travel turns spent in this place divided by the number of levels of this place that you've seen.
                   A       B       C       D       E      F
               +-------+-------+-------+-------+-------+----------------------
         Total | 100.0 | 100.0 |   0.0 |   0.0 |   0.0 |  33.5
       Dungeon | 100.0 | 100.0 |   0.0 |   0.0 |   0.0 |  33.5
               +-------+-------+-------+-------+-------+----------------------

Table legend:
 A = Kills in this place as a percentage of kills in entire the game.
 B = Kills by you in this place as a percentage of kills by you in the entire game.
 C = Kills by friends in this place as a percentage of kills by friends in the entire game.
 D = Other kills in this place as a percentage of other kills in the entire game.
 E = Experience gained in this place as a percentage of experience gained in the entire game.
 F = Experience gained in this place divided by the number of levels of this place that you have seen.
                   A       B       C       D       E      F
               +-------+-------+-------+-------+-------+----------------------
         Total | 100.0 | 100.0 |   N/A |   N/A | 100.0 |  15.0
       Dungeon | 100.0 | 100.0 |   N/A |   N/A | 100.0 |  15.0
               +-------+-------+-------+-------+-------+----------------------

Vault maps used:
D:1:      shiori_arrival_maze
D:2:      lemuel_coloured_pillars_altar, first_ration, uniq_robin
